 Dungeon Crawl Stone Soup version 0.30.0-29-ga12c61a403 (webtiles) character file.

Game seed: 1600273548861013317

60200 AIAndy the Warrior (level 15, -4/108 HPs)
             Began as a Djinni Fire Elementalist on June 25, 2023.
             Was a High Priest of Hepliaklqana.
             Slain by a dire elephant simulacrum (19 damage)
             ... in an ice cave.
             The game lasted 01:44:20 (19360 turns).

AIAndy the Warrior (Djinni Fire Elementalist)      Turns: 19360, Time: 01:44:21

Health: -4/108     AC: 11    Str: 10    XL:     15   Next: 37%
Gold:   1379       EV: 15    Int: 30    God:    Hepliaklqana [*****.] SH: 10 Dex: 14

rFire   + + .        o - +2 war axe of Guali {flame, Int+6}
rCold   . . .        E - +0 kite shield
rNeg    . . .        x - +0 acid dragon scales rPois āˆž
                     T - +2 helmet
rElec   .            (no cloak)
rCorr   +            Z - +1 pair of gloves {Str+3}
SInv    .            (boots unavailable)
Will    +....        U - amulet of the acrobat
Stlth   +            N - ring of protection from cold
HPRegen 0.38/turn    Q - +5 ring of evasion
MPRegen 0.00/turn

%: acrobat, infuse magic (-5 HP)
@: death channelling, flying
A: reduced essence, sickness immunity, fire resistance 2, cold vulnerability 1,
float, innate caster, HP casting, extra vitality 1
a: Renounce Religion, Recall Ancestor, Ancestor Identity, Transference, Idealise


You were in an ice cave.
You worshipped Hepliaklqana.
Hepliaklqana was extremely pleased with you.
You visited 4 branches of the dungeon, and saw 18 of its levels.
You also visited: Ice Cave.

You collected 1379 gold pieces.

Inventory:

Hand Weapons
 o - the +2 war axe of Guali (weapon) {flame, Int+6}
   (You found it on level 2 of the Dungeon)

   Int:       It affects your intelligence (+6).
Armour
 b - a +0 buckler of cold resistance
 g - a +3 plate armour of cold resistance
 x - +0 acid dragon scales (worn)
 E - a +0 kite shield (worn)
 S - the +1 leather armour of the Wasteland {-Tele rElec rPois rC+}
   (You found it on level 10 of the Dungeon)

   rC:        It protects you from cold.
   rElec:     It insulates you from electricity.
   rPois:     It protects you from poison.
   -Tele:     It prevents most forms of teleportation.
 T - a +2 helmet (worn)
 Z - a +1 pair of gloves of strength (worn)
Magical Staves
 A - a staff of cold
Jewellery
 s - a ring of fire
 D - a ring of ice
 F - the ring "Dicedgh" {*Slow rN+ Will+ rCorr Int+4}
   (You found it on level 6 of the Dungeon)

   [ring of positive energy]

   Int:       It affects your intelligence (+4).
   rN:        It protects you from negative energy.
   rCorr:     It protects you from acid and corrosion.
   *Slow:     It may slow you when you take damage.
   Will:      It increases your willpower.
 N - a ring of protection from cold (left hand)
 Q - a +5 ring of evasion (right hand)
 U - an amulet of the acrobat (around neck)
 W - a ring of willpower
Wands
 t - a wand of flame (20)
 G - a wand of quicksilver (11)
 I - a wand of charming (20)
 O - a wand of mindburst (15)
 P - a wand of iceblast (8)
 V - a wand of digging (10)
Scrolls
 a - a scroll of butterflies {unknown}
 c - 4 scrolls of teleportation
 f - 4 scrolls of brand weapon {unknown}
 h - 4 scrolls of immolation {unknown}
 i - a scroll of acquirement {unknown}
 k - 4 scrolls of amnesia {unknown}
 m - 2 scrolls of torment {unknown}
 u - 2 scrolls of vulnerability {unknown}
 v - 4 scrolls of enchant weapon {unknown}
 w - 2 scrolls of enchant armour {unknown}
 J - 2 scrolls of fear {unknown}
 K - 2 scrolls of fog {unknown}
 M - 2 scrolls of blinking {unknown}
 R - 2 scrolls of poison {unknown}
 Y - 2 scrolls of magic mapping {unknown}
Potions
 d - 11 potions of curing
 n - 3 potions of brilliance
 p - a potion of ambrosia
 r - 2 potions of heal wounds
 B - 3 potions of haste
 X - a potion of resistance
Miscellaneous
 e - a phantom mirror
 j - a piece from Xom's chessboard (15/15)
 L - a lightning rod (4/4)


   Skills:
 + Level 16.0 Fighting
 - Level 4.0 Dodging
 - Level 1.6 Stealth
 - Level 8.0 Shields
 + Level 14.2 Spellcasting
 - Level 4.0 Evocations


You knew the following spells:

 Your Spells              Type           Power      Damage    Failure   Level
a - Foxfire               Conj/Fire      100%       2x1d9     1%          1
b - Scorch                Fire           100%       2d9       1%          2
c - Volatile Blastmotes   Fire/Tloc      100%       2d18      1%          3
d - Inner Flame           Hex/Fire       82%        N/A       1%          3
e - Flame Wave            Conj/Fire      82%        2d18      1%          4
f - Apportation           Tloc           100%       N/A       1%          1
g - Passwall              Tmut/Erth      68%        N/A       1%          2
h - Spider Form           Tmut/Pois      82%        N/A       1%          3
i - Confusing Touch       Hex            82%        N/A       1%          3
j - Ice Form              Ice/Tmut       82%        N/A       1%          4
k - Yara's Violent Unrav  Hex/Tmut       41%        3d16      1%          5
l - Death Channel         Necr           41%        N/A       5%          6
Your spell library was empty.

Dungeon Overview and Level Annotations

Branches:
Dungeon (11/15)            Temple (1/1) D:6            Lair (5/5) D:11
 Shoals (0/4) Lair:3        Snake (0/4) Lair:2        Slime (0/5) Lair:4
    Orc (1/2) D:10          IceCv (1/1)

Altars:
Cheibriados
Dithmenos
Elyvilon
Fedhas
Gozag
Hepliaklqana
Makhleb
Nemelex Xobeh
Okawaru
Qazlal
Ru
Trog
Uskayaw
Wu Jian
Xom
Yredelemnul
Zin
The Shining One

Shops:
Orc:1 :

Annotations:
D:9 2 runed translucent doors
Lair:4 1 runed translucent door


Innate Abilities, Weirdness & Mutations

Your life essence is reduced to manifest your ancestor. (-10% HP)
You are immune to sickness and miasma.
You are immune to poison.
Your flesh is very heat resistant. (rF++)
You are vulnerable to cold. (rC-)
You float through the air rather than walking.
You learn spells naturally, not from books.
Your magical power is your life essence.
You have superior vitality. (+4 MHP)


Message History

The dire elephant simulacrum's fire resistance burns away.
You hear a horrible gurgling sound!
A cane toad simulacrum comes into view.
Your spectral ice devil hits the dire elephant simulacrum but does no damage.
Casting: Scorch (safe; 1% risk of failure)
Confirm with . or Enter, or press ? or * to list all spells.
Flames lash the cane toad simulacrum.
The cane toad simulacrum melts!
The cane toad simulacrum is heavily damaged.
The cane toad simulacrum's fire resistance burns away.
The dire elephant simulacrum tramples your spectral ice devil!
Your spectral ice devil holds its ground!
The dire elephant simulacrum trunk-slaps your spectral ice devil!
The dire elephant simulacrum freezes your spectral ice devil!
Your spectral ice devil resists.
Your spectral ice devil is destroyed!
The cane toad simulacrum hits something but does no damage.
Casting: Scorch (safe; 1% risk of failure)
Confirm with . or Enter, or press ? or * to list all spells.
Aiming: Yara's Violent Unravelling (mildly dangerous; 1% risk of failure)
Press: ? - help, Dir - move target, f - dire elephant simulacrum
Aim: a dire elephant simulacrum (moderately damaged, more vulnerable to fire)
The dire elephant simulacrum's magical effects unravel!
The enchantments explode!
The unravelling engulfs the dire elephant simulacrum!!
The dire elephant simulacrum is almost destroyed.
The unravelling engulfs the cane toad simulacrum!!
The cane toad simulacrum vaporises!
The unravelling engulfs the dire elephant simulacrum!!
The dire elephant simulacrum vaporises!
A spectral ice devil comes into view.
Casting: Yara's Violent Unravelling (mildly dangerous; 1% risk of failure)
Confirm with . or Enter, or press ? or * to list all spells.
Flames lash the spectral ice devil but do no damage.
The dire elephant simulacrum tramples you!!
* * * LOW HITPOINT WARNING * * *
You hold your ground!
The dire elephant simulacrum trunk-slaps you.
* * * LOW HITPOINT WARNING * * *
The dire elephant simulacrum freezes you!!
You die...

### #..##
#ā˜¼Zā—‹## #Z.#
#.@# ##..# #####
##..## ##...##
##..###### #.....#
#..## #..#
##..#..####..###..#
##...##..#
##..#8..##
##...####.##
##......# #...##
#..## #......##


You could see a spectral ice devil and a dire elephant simulacrum.

Vanquished Creatures
  An orc warlord (Orc:1)
  Josephine (D:10)
  4 catoblepae (Lair:5)
  3 hydras
  A centaur warrior (D:8)
  16 death yaks
  2 two-headed ogres
  A skyshark (Lair:5)
  An orc knight (D:11)
  A necromancer (D:10)
  A manticore (Lair:5)
  A cyclops (D:11)
  4 black mambas
  5 elephants (Lair:1)
  2 torpor snails
  2 gargoyles
  Joseph (D:9)
  A rust devil (D:10)
  6 cane toads
  A rime drake (Lair:4)
  An anaconda simulacrum (IceCv)
  4 ice devils (IceCv)
  3 komodo dragons
  2 kobold demonologists
  A freezing wraith (IceCv)
  2 polar bears
  4 trolls
  Prince Ribbit (D:7)
  15 blink frogs
  A spriggan (Lair:1)
  A shadow (D:10)
  4 wraiths (D:10)
  6 dire elephant simulacra (IceCv)
  41 yaks
  6 wyverns
  2 steam dragons
  Eustachio (D:6)
  3 vampire mosquitoes
  A basilisk (Lair:4)
  4 wargs (Orc:1)
  A harpy simulacrum (IceCv)
  A death yak simulacrum (IceCv)
  13 water moccasins
  A two-headed ogre zombie (D:10)
  An acid dragon (D:10)
  4 nagas (Lair:2)
  Duvessa (D:7)
  11 orc warriors
  A black bear (Lair:3)
  The ghost of ghwc the Chopper, an amateur HOCA of Ignis (D:6)
  The ghost of AIAndy the Trooper, an amateur DsFi (D:4)
  5 ogres
  6 wolves (Lair:4)
  4 centaurs
  13 kobold brigands
  2 phantoms (D:10)
  Blork the orc (D:6)
  11 bullfrogs
  A necrophage (Lair:2)
  6 cane toad simulacra (IceCv)
  3 scorpions
  8 wights
  A troll zombie (D:10)
  Dowan (D:7)
  14 killer bees
  4 elephant simulacra (IceCv)
  3 electric eels (Lair:2)
  A howler monkey (D:11)
  A hound (D:5)
  4 jellies
  6 orc priests
  2 gnoll boudas
  Jessica (D:2)
  Terence (D:2)
  17 orc wizards
  5 iguanas
  3 sleepcaps
  A spriggan simulacrum (IceCv)
  4 hell rats (Lair:4)
  6 polar bear simulacra
  2 wolf simulacra (D:10)
  3 ogre zombies (D:10)
  8 gnolls
  5 adders
  3 shadow imps
  2 white imps
  4 ufetubi
  3 dart slugs (D:4)
  54 orcs
  12 endoplasms
  4 giant cockroaches
  8 goblins
  16 hobgoblins
  3 jackals (D:1)
  4 ball pythons
  8 bats
  2 frilled lizards (D:1)
  A goblin skeleton (D:10)
  4 goblin zombies (D:10)
  A hobgoblin skeleton (D:10)
  2 hobgoblin zombies (D:10)
  15 kobolds
  4 orc skeletons (D:10)
  8 orc zombies (D:10)
  4 rats
  3 river rat simulacra (D:10)
512 creatures vanquished.

Vanquished Creatures (collateral kills)
  A death yak (Lair:3)
  A lindwurm (Lair:4)
  A manticore (Lair:5)
  An elephant (Lair:1)
  5 cane toads
  A komodo dragon (Lair:2)
  2 ice devils (IceCv)
  A freezing wraith (IceCv)
  2 trolls
  A hornet (Lair:2)
  A polar bear (Lair:3)
  4 blink frogs (Lair:3)
  7 yaks
  A basilisk (Lair:4)
  A harpy simulacrum (IceCv)
  A naga (Lair:2)
  A water moccasin (Lair:5)
  A phantom (D:10)
  A necrophage (Lair:2)
  A bullfrog (Lair:3)
  A troll zombie (D:10)
  An elephant simulacrum (IceCv)
  2 killer bees (D:8)
  An orc wizard (D:11)
  A troll simulacrum (IceCv)
  2 wolf simulacra (D:10)
  2 ogre zombies (D:10)
  2 gnolls
  A naga simulacrum (IceCv)
  A white imp (IceCv)
  6 orcs
  A hobgoblin zombie (D:10)
  An orc skeleton (D:10)
  3 orc zombies (D:10)
60 creatures vanquished.

Vanquished Creatures (others)
  4 knights
  2 ancestors (D:9)
  708 foxfires
714 creatures vanquished.

Grand Total: 1286 creatures vanquished

Notes
Turn   | Place    | Note
-------+----------+-------------------------------------------
     0 | D:1      | AIAndy the Djinni Fire Elementalist began the quest for the
                  | Orb.
     0 | D:1      | AIAndy set off with the following spells memorised:
                  | Foxfire, Scorch, Volatile Blastmotes, Inner Flame, Flame
                  | Wave.
     0 | D:1      | Reached XP level 1. HP: 15/15 MP: 0/0
   140 | D:1      | Reached XP level 2. HP: 19/21 MP: 0/0
   382 | D:1      | Reached XP level 3. HP: 22/25 MP: 0/0
   382 | D:1      | Learned a level 1 spell: Apportation
   932 | D:2      | Noticed Terence
   944 | D:2      | Killed Terence
   945 | D:2      | Reached XP level 4. HP: 7/31 MP: 0/0
  1235 | D:2      | Identified the +2 war axe of Guali {flame, Int+6}
  1282 | D:2      | Noticed Jessica
  1287 | D:2      | Killed Jessica
  1288 | D:2      | Reached XP level 5. HP: 30/35 MP: 0/0
  1288 | D:2      | Learned a level 2 spell: Passwall
  1519 | D:3      | You are sucked into a shaft and drop 1 floor!
  1589 | D:4      | Noticed a steam dragon
  1591 | D:4      | Reached XP level 6. HP: 31/40 MP: 0/0
  1597 | D:4      | Killed a steam dragon
  1598 | D:4      | Reached skill level 5 in Spellcasting
  1602 | D:4      | HP: 2/40 [dart slug/slug dart (2)]
  1793 | D:4      | Reached XP level 7. HP: 29/45 MP: 0/0
  1793 | D:4      | Learned a level 3 spell: Spider Form
  1908 | D:4      | Found a runed translucent door.
  1932 | D:4      | Noticed AIAndy's ghost (amateur DsFi)
  2440 | D:4      | Found a sparkling altar of Nemelex Xobeh.
  2467 | D:5      | Entered Level 5 of the Dungeon
  2927 | D:5      | Reached XP level 8. HP: 47/50 MP: 0/0
  3364 | D:6      | Reached skill level 1 in Fighting
  3599 | D:6      | Reached skill level 2 in Fighting
  3639 | D:6      | Reached skill level 3 in Fighting
  3755 | D:6      | Noticed Eustachio
  3760 | D:6      | Killed Eustachio
  3795 | D:6      | Found a staircase to the Ecumenical Temple.
  3840 | D:6      | Identified the ring "Dicedgh" {*Slow rN+ Will+ rCorr Int+4}
  3864 | Temple   | Entered the Ecumenical Temple
  3912 | Temple   | Became a worshipper of Hepliaklqana the Forgotten
  3993 | D:6      | Reached skill level 4 in Fighting
  3993 | D:6      | Reached XP level 9. HP: 57/62 MP: 0/0
  3993 | D:6      | Learned a level 3 spell: Confusing Touch
  3994 | D:6      | Noticed Blork the orc
  3999 | D:6      | Killed Blork the orc
  4031 | D:6      | Found a stormy altar of Qazlal.
  4036 | D:6      | Found a blossoming altar of Fedhas.
  4109 | D:6      | Found a runed translucent gate.
  4109 | D:6      | Found a runed translucent gate.
  4109 | D:6      | Found a runed translucent gate.
  4110 | D:6      | Noticed a kobold demonologist
  4110 | D:6      | Noticed ghwc's ghost (amateur HOCA)
  4130 | D:6      | Noticed an orange demon
  4133 | D:6      | Killed a kobold demonologist
  4134 | D:6      | Reached skill level 5 in Fighting
  4136 | D:6      | Killed ghwc's ghost
  4137 | D:6      | Reached skill level 6 in Fighting
  4292 | D:7      | Noticed Prince Ribbit
  4296 | D:7      | Killed Prince Ribbit
  4297 | D:7      | Reached XP level 10. HP: 59/73 MP: 0/0
  4329 | D:7      | Reached skill level 7 in Fighting
  4562 | D:7      | Reached skill level 8 in Fighting
  5045 | D:7      | Noticed Dowan
  5048 | D:7      | Noticed Duvessa
  5054 | D:7      | Killed Duvessa
  5057 | D:7      | Killed Dowan
  5167 | D:7      | Found a shadowy altar of Dithmenos.
  5417 | D:8      | Reached * piety under Hepliaklqana
  5715 | D:8      | Noticed a centaur warrior
  5724 | D:8      | Killed a centaur warrior
  5725 | D:8      | Reached skill level 9 in Fighting
  6018 | D:8      | Reached skill level 10 in Spellcasting
  6072 | D:8      | Reached XP level 11. HP: 63/75 MP: 0/0
  6072 | D:8      | Learned a level 4 spell: Ice Form
  6186 | D:8      | Found an iron altar of Okawaru.
  6474 | D:9      | Found a runed translucent door.
  6474 | D:9      | Noticed an ice dragon
  6476 | D:9      | Noticed a fire dragon
  6479 | D:9      | Noticed a fire dragon
  6486 | D:9      | Found the +2 shield of Resistance {rF++ rC++ Will++}
  6486 | D:9      | Noticed an ice dragon
  6528 | D:9      | Found a runed translucent door.
  6826 | D:9      | Reached skill level 1 in Shields
  6838 | D:9      | Reached skill level 10 in Fighting
  6842 | D:9      | HP: 1/76 [killer bee (6)]
  7047 | D:9      | Noticed a two-headed ogre
  7054 | D:9      | Killed a two-headed ogre
  7451 | D:9      | Noticed Joseph
  7459 | D:9      | Killed Joseph
  8190 | D:10     | Entered Level 10 of the Dungeon
  8190 | D:10     | Noticed Josephine
  8231 | D:10     | Reached ** piety under Hepliaklqana
  8232 | D:10     | Remembered your ancestor Preben as a knight
  8580 | D:10     | Reached skill level 11 in Fighting
  8590 | D:10     | Killed Josephine
  8591 | D:10     | Reached XP level 12. HP: 19/84 MP: 0/0
  8883 | D:10     | Found a sacrificial altar of Ru.
  8997 | D:10     | Identified the +1 leather armour of the Wasteland {-Tele
                  | rElec rPois rC+}
  9136 | D:10     | Found a staircase to the Orcish Mines.
  9357 | D:10     | Found a burning altar of Makhleb.
  9482 | D:10     | Noticed a two-headed ogre
  9487 | D:10     | Killed a two-headed ogre
  9932 | D:11     | Reached skill level 12 in Fighting
 10057 | D:11     | Found a staircase to the Lair.
 10379 | D:11     | Reached *** piety under Hepliaklqana
 10963 | Lair:1   | Entered Level 1 of the Lair of Beasts
 11400 | Lair:1   | Reached XP level 13. HP: 55/91 MP: 0/0
 11400 | Lair:1   | Learned a level 5 spell: Yara's Violent Unravelling
 11459 | Lair:1   | Reached skill level 1 in Evocations
 11712 | Lair:1   | Reached skill level 13 in Fighting
 12192 | Lair:1   | Reached skill level 5 in Shields
 12281 | Lair:2   | Found a bloodstained altar of Trog.
 12806 | Lair:2   | Found a staircase to the Snake Pit.
 12895 | Lair:2   | Reached **** piety under Hepliaklqana
 12916 | Lair:2   | Noticed a four-headed hydra
 12923 | Lair:2   | Killed a four-headed hydra
 13586 | Lair:3   | Noticed a seven-headed hydra
 13592 | Lair:3   | Killed a seven-headed hydra
 13881 | Lair:3   | Found a staircase to the Shoals.
 14474 | Lair:3   | Identified the +5 chain mail "Vefuecs" {rF+++}
 14712 | Lair:4   | Reached ***** piety under Hepliaklqana
 14889 | Lair:4   | Reached XP level 14. HP: 87/99 MP: 0/0
 14977 | Lair:4   | Reached skill level 14 in Fighting
 15394 | Lair:4   | Noticed an azure jelly
 15395 | Lair:4   | Found a runed translucent door.
 15398 | Lair:4   | Noticed an azure jelly
 15834 | Lair:4   | Found a staircase to the Slime Pits.
 15856 | Lair:5   | Entered Level 5 of the Lair of Beasts
 15904 | Lair:5   | Found a hazy altar of Hepliaklqana.
 16868 | Lair:5   | Reached skill level 15 in Fighting
 17182 | Lair:5   | Reached XP level 15. HP: 32/108 MP: 0/0
 17182 | Lair:5   | Learned a level 6 spell: Death Channel
 18241 | D:4      | Killed AIAndy's ghost
 18534 | Orc:1    | Entered Level 1 of the Orcish Mines
 18534 | Orc:1    | Noticed an orc warlord
 18546 | Orc:1    | Killed an orc warlord
 18775 | Orc:1    | Found Maydov's Book Shop.
 18810 | Orc:1    | Found a frozen archway.
 18841 | IceCv    | Entered an ice cave
 19346 | IceCv    | Reached skill level 16 in Fighting
 19360 | IceCv    | Slain by a dire elephant simulacrum

Illustrated notes

Levels and vault maps discovered:
D:1:      wander_arrival_peaceful_grave, layout_loops_ring,
          hangedman_decor_clover_reticule, amcnicky_mini_corridor_feature,
          st_stairs_14
D:2:      layout_rooms, eino_tiny_chamber, uniq_terence, uniq_jessica
D:3:      layout_loops_corners, mainiacjoe_overflow_alcove_4
D:4:      layout_cave_pools, nemelex_dance_club_becter,
          hellmonk_ghost_happy_afterlife, minmay_between
D:5:      layout_loops_cross
D:6:      layout_rooms, minmay_overflow_temple_star_quad,
          minmay_temple_entry_waves, gammafunk_ghost_nasty_kobolds,
          uniq_blork_the_orc, uniq_eustachio
D:7:      layout_basic, mainiacjoe_overflow_alcove_1, uniq_duvessa,
          uniq_prince_ribbit1
D:8:      layout_basic, mainiacjoe_overflow_tiny_flanked, grunt_ministairs_1,
          st_stairs_6, kennysheep_just_a_vault
D:9:      layout_loops_ring, minmay_guarded_unrand_resistance, uniq_joseph
D:10:     layout_roguey, nicolae_ru_sacrificial_ziggurat, demons_altar,
          zombieorc2_lemuel, eino_house_with_fridge, uniq_josephine
D:11:     cheibrodos_orc_bank, layout_basic
Temple:   nicolae_temple_ecumenical_triangle
Lair:1:   layout_long_grid, wad_woods_03, infiniplex_staircase_pool
Lair:2:   layout_gridlike, minmay_snake_entry_guardpost_medium, basic_altar,
          minivault_24, roderic_carrion_pond
Lair:3:   layout_hall_layers, elwin_shoals_entry_rocks
Lair:4:   layout_gridlike, slime_entry_2
Lair:5:   evilmike_catoblepas_cave, layout_concentric_octagons, basic_altar,
          serial_bayou_shore_b, grunt_megastairs_3, infiniplex_staircase_pool_2
Orc:1:    layout_caves, portal_ice_cave_entry_pillars_2, serial_shops,
          nicolae_shop_window_shopping
IceCv:    ice_cave_small_necro

Skill      XL: |  1  2  3  4  5  6  7  8  9 10 11 12 13 14 15 |
---------------+----------------------------------------------+-----
Spellcasting   | 3 4 5 6 7 8 10 11 12 13 14 | 14.2
Fighting       | 4 6 9 11 12 13 15 16 | 16.0
Shields        | 4 6 8 |  8.0
Dodging        | 4 |  4.0
Evocations     | 4 |  4.0
Stealth        | |  1.6

Action                     |  1- 3 |  4- 6 |  7- 9 | 10-12 | 13-15 || total
---------------------------+-------+-------+-------+-------+-------++-------
  Melee: War axe           |       |     1 |     4 |     1 |     3 ||     9
   Cast: Foxfire           |    79 |    39 |    96 |   158 |    64 ||   436
         Scorch            |    10 |    15 |    49 |   262 |   243 ||   579
         Inner Flame       |       |       |     3 |    15 |    78 ||    96
         Flame Wave        |       |       |     2 |     8 |    23 ||    33
         Confusing Touch   |       |       |       |     1 |       ||     1
         Yara's Violent Un |       |       |       |       |    47 ||    47
         Passwall          |       |       |       |       |     1 ||     1
         Death Channel     |       |       |       |       |     3 ||     3
 Invoke: Ancestor Life: Kn |       |       |       |     1 |       ||     1
         Recall Ancestor   |       |       |       |     1 |       ||     1
  Evoke: Lightning rod     |       |       |       |     6 |       ||     6
         Wand              |       |       |       |     2 |       ||     2
    Use: Scroll            |       |       |       |    11 |     3 ||    14
         Potion            |       |       |       |     3 |       ||     3
 Armour: Robe              |     2 |     1 |     1 |       |       ||     4
         Acid dragon scale |       |       |     3 |    22 |     9 ||    34
  Dodge: Dodged            |     5 |     4 |     6 |    69 |    46 ||   130
  Block: Buckler           |       |       |       |     9 |       ||     9
         Kite shield       |       |       |       |       |    39 ||    39
